 Dungeon Crawl Stone Soup version 0.21.1-1-g345015f (webtiles) character file.

54 sking99 the Poker (level 3, -2/28 HPs)
             Began as a Demonspawn Gladiator on June 30, 2018.
             Slain by a gnoll (4 damage)
             ... on level 1 of the Dungeon.
             The game lasted 00:03:52 (1232 turns).

sking99 the Poker (Demonspawn Gladiator)            Turns: 1232, Time: 00:03:53

Health: -2/28      AC:  8    Str: 15    XL:     3   Next: 66%
Magic:  3/3        EV: 12    Int:  9    God:
Gold:   61         SH:  0    Dex: 14    Spells: 2/2 levels left

rFire    . . .     SeeInvis .   a - +0 trident
rCold    + . .     Gourm    .   (no shield)
rNeg     . . .     Faith    .   b - +0 leather armour
rPois    .         Spirit   .   c - +0 helmet
rElec    .         Reflect  .   (no cloak)
rCorr    .         Harm     .   e - +0 pair of gloves
MR       .....                  k - +0 pair of boots
Stlth    +.........             (no amulet)
HPRegen  0.09/turn              (no ring)
MPRegen  0.08/turn              (no ring)

@: no status effects
A: thin metallic scales 1, cold resistance 1
a: no special abilities


You were on level 1 of the Dungeon.
You were not hungry.

You visited 1 branch of the dungeon, and saw 2 of its levels.

You collected 61 gold pieces.

Inventory:

Hand Weapons
 a - a +0 trident (weapon)
Missiles
 d - 2 throwing nets (quivered)
Armour
 b - a +0 leather armour (worn)
 c - a +0 helmet (worn)
 e - a +0 pair of gloves (worn)
 k - a +0 pair of boots (worn)
Scrolls
 h - a scroll of remove curse
 i - a scroll of fear {unknown}
 j - a scroll of teleportation {unknown}
Comestibles
 f - 6 rations


   Skills:
 + Level 2.7 Fighting
 * Level 3.8 Polearms
 - Level 1.8 Throwing
 - Level 2.7 Dodging


You had 2 spell levels left.
You didn't know any spells.

Dungeon Overview and Level Annotations

Branches:
Dungeon (2/15)

Altars:


Innate Abilities, Weirdness & Mutations

You are partially covered in thin metallic scales. (AC +2)
Your flesh is cold resistant. (rC+)


Message History

The goblin shoots a stone.
The stone hits you but does no damage. The gnoll misses you.
The gnoll closely misses you. The gnoll misses you.
The gnoll hits you but does no damage. The gnoll misses you.
The gnoll hits you from afar with a spear.
You climb upwards.
There is a stone staircase leading down here.
You see here a stone.
You closely miss the gnoll. The gnoll closely misses you. The gnoll hits you.
* * * LOW HITPOINT WARNING * * *
The gnoll barely misses you.
You barely miss the gnoll. The gnoll completely misses you.
The gnoll hits you but does no damage.
You aren't carrying any potions.
As you read the scroll labeled NOTZUU UMUGH, it crumbles to dust.
You feel blessed for a moment.
It was a scroll of remove curse.
The gnoll hits you with a flail.
* * * LOW HITPOINT WARNING * * *
The gnoll hits you.
You die...

.##)# #..........####..#
.##.# #.###.###### #..#
.##)# #.# #.# #..####
....###.###.#########.....#
##..#..................##.#
#.....................##.#
#.##......##############.#
#.##.....#.###### #.#
#.##.....##...g@# #.#
#.###.##.#.####g# #.# #.#
#.###.## #.# #.# #.# #.#
#.#####.##### #.#
#.###.###...........# #.#
##.##...##.#####.###.# #.#
...........# #(..#.# #.#
...##...#..# ###.#.## #.#
######.##..##### #....###.#


You could see 2 gnolls.

Vanquished Creatures
  A gnoll (D:2)
  An adder (D:2)
  A worm (D:1)
  2 dart slugs
  3 bats (D:1)
  A giant cockroach (D:1)
  4 goblins (D:1)
  4 hobgoblins
  5 kobolds
  A ball python (D:2)
  A frilled lizard (D:1)
  7 rats
31 creatures vanquished.

Notes
Turn   | Place    | Note
-------+----------+-------------------------------------------
     0 | D:1      | sking99 the Demonspawn Gladiator began the quest for the Orb.
     0 | D:1      | Reached XP level 1. HP: 16/16 MP: 1/1
   145 | D:1      | Reached skill level 3 in Polearms
   148 | D:1      | Gained mutation: You are partially covered in thin metallic scales. (AC +2) [demonic ancestry]
   148 | D:1      | Reached XP level 2. HP: 22/22 MP: 2/2
   893 | D:2      | Gained mutation: Your flesh is cold resistant. (rC+) [demonic ancestry]
   893 | D:2      | Reached XP level 3. HP: 28/28 MP: 3/3
  1232 | D:1      | Slain by a gnoll

Skill      XL: |  1 |
---------------+----+-----
Polearms       | 3 |  3.8
Fighting       | |  2.7
Throwing       | |  1.8
Dodging        | |  2.7

Action                   || total
-------------------------++-------
Melee: Trident           ||   104
Throw: Throwing net      ||     1
  Use: Scroll            ||     1
 Stab: Sleeping          ||     2
  Eat: Chunk             ||     1
Armor: Leather armour    ||    41
Dodge: Dodged            ||    60
